 Dungeon Crawl Stone Soup version 0.16.2-2-g470672f (webtiles) character file.

190 MiaIshata the Gusty (level 5, 0/30 HPs)
             Began as a Tengu Air Elementalist on Aug 15, 2015.
             Was an Initiate of Nemelex Xobeh.
             Succumbed to a worker ant's poison
             ... on level 3 of the Dungeon on Aug 23, 2015.
             The game lasted 00:16:31 (3680 turns).

MiaIshata the Gusty (Tengu Air Elementalist)        Turns: 3680, Time: 00:16:31

Health: 0/30       AC:  2    Str:  8    XL:     5   Next: 69%
Magic:  1/13       EV: 13    Int: 16    God:    Nemelex Xobeh [......]
Gold:   156        SH:  0    Dex: 15    Spells: 3 memorised, 5 levels left

rFire  + . .     SeeInvis .     (no weapon)
rCold  x . .     Clarity  +     a - +0 robe
rNeg   . . .     SustAb   .     (no shield)
rPois  .         Gourm    .     (helmet restricted)
rElec  .         Spirit   .     (no cloak)
rCorr  .         Warding  .     (no gloves)
rMut   .         Stasis   .     (boots unavailable)
MR     .....                    (no amulet)
Stlth  ++........               (no ring)
                                d - ring of fire

@: lethally poisoned (0 -> -3), very slightly contaminated, not resistant to
hostile enchantments, unstealthy
A: able to fly, beak, talons 3, berserk 1, breathe flames 1, clarity
a: Fly, Renounce Religion, Breathe Fire


You were on level 3 of the Dungeon.
You worshipped Nemelex Xobeh.
Nemelex Xobeh was noncommittal.
You were not hungry.

You visited 1 branch of the dungeon, and saw 4 of its levels.

You collected 156 gold pieces.

Inventory:

Armour
 a - a +0 robe (worn)
Jewellery
 d - a ring of fire (left hand)
 j - an uncursed ring of flight {unknown}
Scrolls
 e - 2 scrolls of teleportation
 g - 3 scrolls of identify
 h - 2 scrolls of remove curse
 k - a scroll of blinking
Books
 b - a book of Air

   Spells                             Type                      Level
   a - Shock                          Conjuration/Air              1
   b - Swiftness                      Charms/Air                   2
   c - Repel Missiles                 Charms/Air                   2
   d - Flight                         Charms/Air                   3
   e - Static Discharge               Conjuration/Air              3
   f - Lightning Bolt                 Conjuration/Air              5
Comestibles
 c - a bread ration
 f - 2 meat rations


   Skills:
 * Level 2.0 Fighting
 + Level 2.7 Dodging
 + Level 2.4 Stealth
 * Level 3.4 Spellcasting
 + Level 2.2 Conjurations
 * Level 1.1 Charms
 + Level 4.7 Air Magic


You had 5 spell levels left.
You knew the following spells:

 Your Spells              Type           Power        Failure   Level  Hunger
a - Shock                 Conj/Air       ##..         6%          1    None
b - Swiftness             Chrm/Air       ##......     10%         2    ##.....
c - Repel Missiles        Chrm/Air       ##....       10%         2    ##.....


Dungeon Overview and Level Annotations

Branches:
Dungeon (4/15)
 Temple: D:4-7

Altars:
Nemelex Xobeh
Yredelemnul


Innate Abilities, Weirdness & Mutations

You can fly.
You have a beak for a mouth.
You have claws for feet.
You tend to lose your temper in combat.
You can breathe flames.
You possess an exceptional clarity of mind.


Message History

The worker ant is heavily wounded.
The worker ant closely misses you.
Casting: Shock
Confirm with . or Enter, or press ? or * to list all spells.
Aiming: Shock
Press: ? - help, Shift-Dir - straight line, f/p - worker ant
Aim: a worker ant (heavily wounded)
The zap misses the worker ant.
You feel sick. The worker ant closely misses you.
Casting: Shock
Confirm with . or Enter, or press ? or * to list all spells.
Aiming: Shock
Press: ? - help, Shift-Dir - straight line, f/p - worker ant
Aim: a worker ant (heavily wounded)
The zap hits the worker ant.
The worker ant is severely wounded.
The worker ant bites you.
* * * LOW HITPOINT WARNING * * *
You die...
Your body disappears without a glow.

#...........................#
#.....#.##.###..#####......##
#.....#.##......# ######.#
#######.#######.# #.##
#####.........# ####..####
#........####.#######.........
####.######.# #..(......###'###.
#.......# #.# #..a>.....# #.# #.
#.##.##.###.####@.#####..###.###.
#.#..................##..'.._###.
#.#..##.###.###..)##.....###.###.
#.#.........##.....####..# #.# #.
#.#.###.#######..........###'###.
#.......# ##..#####..........
###.##### #........##.##..#. #.#
#.#########.###.## #.# ##+##
#.......


You could see a worker ant.

Vanquished Creatures
  A hound (D:3)
  A worker ant (D:3)
  A gnoll (D:3)
  2 adders (D:3)
  4 giant mites (D:3)
  A worm (D:2)
  A giant gecko (D:3)
  An ooze (D:3)
  An orc (D:3)
  7 bats
  5 giant cockroaches
  5 hobgoblins
  2 quokkas (D:3)
  3 ball pythons
  3 giant newts
  2 gnoll zombies (D:2)
  4 goblins
  10 jackals
  9 kobolds
  5 rats
68 creatures vanquished.

Notes
Turn   | Place    | Note
--------------------------------------------------------------
     0 | D:1      | MiaIshata, the Tengu Air Elementalist, began the quest for the Orb.
     0 | D:1      | Reached XP level 1. HP: 10/10 MP: 3/3
   211 | D:1      | Reached XP level 2. HP: 8/16 MP: 0/5
   261 | D:1      | Gained mutation: You possess an exceptional clarity of mind. [potion of mutation]
   261 | D:1      | Gained mutation: You tend to lose your temper in combat. [potion of mutation]
   261 | D:1      | Gained mutation: You can breathe flames. [potion of mutation]
   266 | D:1      | Learned a level 2 spell: Swiftness
   495 | D:1      | Learned a level 2 spell: Repel Missiles
   868 | D:2      | Reached skill level 1 in Fighting
   949 | D:2      | Reached XP level 3. HP: 10/20 MP: 4/7
  1510 | D:2      | Found a basalt altar of Yredelemnul.
  1936 | D:3      | Reached XP level 4. HP: 16/25 MP: 2/9
  2009 | D:3      | Found a glowing drain.
  2543 | D:3      | Reached skill level 1 in Charms
  2944 | D:3      | Found a sparkling altar of Nemelex Xobeh.
  2985 | D:3      | Reached XP level 5. HP: 29/29 MP: 11/13
  3649 | D:3      | Became a worshipper of Nemelex Xobeh the Trickster
  3679 | D:3      | HP: 1/30 [worker ant (4)]
  3680 | D:3      | Succumbed to a worker ant's poison

Action                   |  1- 3 |  4- 6 || total
-------------------------+-------+-------++-------
Melee: Unarmed           |    46 |    48 ||    94
 Cast: Shock             |    78 |   109 ||   187
       Swiftness         |     2 |       ||     2
  Use: Scroll            |     3 |     5 ||     8
       Potion            |     2 |       ||     2
  Eat: Bread ration      |     1 |     2 ||     3
